SL
OAKLAND OAKS @ NEW AMSTERDAM REPUBLICS
09/12/2023
 
TOP OF THE 1ST
Oakland Oaks batting - Pitching for New Amsterdam Republics : RHP Nathaniel Riley
Pitching: RHP Nathaniel Riley
Batting: LHB Todd Williams 0-0: Ball
1-0: Ball
2-0: Ball
3-0: Called Strike
3-1: Foul Ball, location: 2F
3-2: Base on Balls
Batting: SHB Brian Ray 0-0: Ball
1-0: Foul Ball, location: 2F
1-1: Ball
2-1: Ball
3-1: Called Strike
3-2: Fly out, F8 (Flyball, 8LD)
Batting: LHB Mal Wadley 0-0: Ball
Passed Ball!
Todd Williams to second
1-0: Ball
2-0: Fly out, F8 (Flyball, 8LXD)
Runner from 2nd tags up, SAFE at 3rd, no throw
Batting: LHB Todd Henry 0-0: Swinging Strike
0-1: Fly out, F4 (Popup, 4MD)
Top of the 1st over - 0 run(s), 0 hit(s), 0 error(s), 1 left on base; Oakland 0 - New Amsterdam 0
BOTTOM OF THE 1ST
New Amsterdam Republics batting - Pitching for Oakland Oaks : RHP José García
Pitching: RHP José García
Batting: RHB António Pérez 0-0: Ground out 4-3 (Groundball, 4)
Batting: RHB Cory Hansen 0-0: Called Strike
0-1: Ball
1-1: Foul Ball, location: 2F
1-2: Hit by Pitch
Batting: RHB Hank Wilder 0-0: Foul Ball, location: 2F
0-1: Fly out, F8 (Popup, 89S)
Batting: LHB Félix López 0-0: Ground out 4-3 (Groundball, 4)
Bottom of the 1st over - 0 run(s), 0 hit(s), 0 error(s), 1 left on base; Oakland 0 - New Amsterdam 0
TOP OF THE 2ND
Oakland Oaks batting - Pitching for New Amsterdam Republics : RHP Nathaniel Riley
Batting: SHB John Allen 0-0: Swinging Strike
0-1: Called Strike
0-2: Strikes out swinging
Batting: LHB Jesús Quintanilla 0-0: Foul Ball, location: 2F
0-1: Foul Ball, location: 2F
0-2: Foul Ball, location: 2F
0-2: Ball
1-2: Ball
2-2: Foul Ball, location: 2F
2-2: Ground out U3 (Groundball, 3)
Batting: RHB Rafael Durango 0-0: Foul Ball, location: 2F
0-1: Swinging Strike
0-2: Strikes out looking
Top of the 2nd over - 0 run(s), 0 hit(s), 0 error(s), 0 left on base; Oakland 0 - New Amsterdam 0
BOTTOM OF THE 2ND
New Amsterdam Republics batting - Pitching for Oakland Oaks : RHP José García
Batting: RHB Júlio Maldonado 0-0: Foul Ball, location: 2F
0-1: SINGLE (Groundball, 56D)
Batting: RHB Luis Muńóz 0-0: Ball
1-0: Called Strike
1-1: Ball
Wild Pitch!
Júlio Maldonado to second
2-1: Ball
3-1: Ground out 5-3 (Groundball, 56S)
Júlio Maldonado to third
Batting: RHB Tim Robinson 0-0: Ball
1-0: Foul Ball, location: 2F
1-1: Ball
2-1: Ball
3-1: SINGLE (Groundball, 56)
Júlio Maldonado scores
Batting: LHB Steve Ingram 0-0: Ball
Tim Robinson steals 2nd base
1-0: Ball
2-0: DOUBLE (Line Drive, 78S)
Tim Robinson scores
Batting: LHB Eric Ward 0-0: Ball
1-0: Called Strike
1-1: Foul Ball, location: 2F
1-2: Fly out, F7 (Flyball, 7LM)
Batting: RHB António Pérez 0-0: Ball
1-0: Ball
2-0: Ball
3-0: Called Strike
3-1: Fly out, F7 (Flyball, 7D)
Bottom of the 2nd over - 2 run(s), 3 hit(s), 0 error(s), 1 left on base; Oakland 0 - New Amsterdam 2
TOP OF THE 3RD
Oakland Oaks batting - Pitching for New Amsterdam Republics : RHP Nathaniel Riley
Batting: LHB Ron Frazier 0-0: Ball
1-0: Ball
2-0: Called Strike
2-1: Foul Ball, location: 2F
2-2: Fly out, F4 (Popup, 4D)
Batting: RHB Miguel Fernández 0-0: Called Strike
0-1: Foul Ball, location: 2F
0-2: Foul Ball, location: 2F
0-2: Ball
1-2: Strikes out swinging
Batting: LHB Todd Williams 0-0: Swinging Strike
0-1: Fly out, F4 (Popup, 4S)
Top of the 3rd over - 0 run(s), 0 hit(s), 0 error(s), 0 left on base; Oakland 0 - New Amsterdam 2
BOTTOM OF THE 3RD
New Amsterdam Republics batting - Pitching for Oakland Oaks : RHP José García
Batting: RHB Cory Hansen 0-0: Foul Ball, location: 2F
0-1: Called Strike
0-2: Strikes out swinging
Batting: RHB Hank Wilder 0-0: Called Strike
0-1: Swinging Strike
0-2: Ball
1-2: Ball
2-2: Ball
3-2: Fly out, F7 (Flyball, 7D)
Batting: LHB Félix López 0-0: Called Strike
0-1: Ball
1-1: Ball
2-1: Foul Ball, location: 2F
2-2: Foul Ball, location: 2F
2-2: Ball
3-2: Foul Ball, location: 2F
3-2: Foul Ball, location: 2F
3-2: Foul Ball, location: 2F
3-2: DOUBLE (Flyball, 89XD)
Batting: RHB Júlio Maldonado 0-0: Ball
1-0: Ball
2-0: Foul Ball, location: 2F
2-1: Called Strike
2-2: Ball
3-2: Base on Balls
Batting: RHB Luis Muńóz 0-0: Ball
1-0: Called Strike
1-1: Foul Ball, location: 2F
1-2: Fly out, F4 (Line Drive, 34)
Bottom of the 3rd over - 0 run(s), 1 hit(s), 0 error(s), 2 left on base; Oakland 0 - New Amsterdam 2
TOP OF THE 4TH
Oakland Oaks batting - Pitching for New Amsterdam Republics : RHP Nathaniel Riley
Batting: SHB Brian Ray 0-0: Ball
1-0: Swinging Strike
1-1: Fly out, F8 (Flyball, 8LM)
Batting: LHB Mal Wadley 0-0: Ball
1-0: SINGLE (Line Drive, 8RS)
Batting: LHB Todd Henry 0-0: Foul Ball, location: 2F
0-1: Ball
1-1: Fly out, F5 (Popup, 5SF)
Batting: SHB John Allen 0-0: Called Strike
0-1: Ball
1-1: Called Strike
1-2: Ball
2-2: Ball
3-2: Fly out, F7 (Flyball, 78S)
Top of the 4th over - 0 run(s), 1 hit(s), 0 error(s), 1 left on base; Oakland 0 - New Amsterdam 2
BOTTOM OF THE 4TH
New Amsterdam Republics batting - Pitching for Oakland Oaks : RHP José García
Batting: RHB Tim Robinson 0-0: Foul Ball, location: 2F
0-1: Ball
1-1: Ball
2-1: Ground out 2-3 (Groundball, 25)
Batting: LHB Steve Ingram 0-0: Called Strike
0-1: Ball
1-1: Ball
2-1: Foul Ball, location: 2F
2-2: Foul Ball, location: 2F
2-2: Ground out 4-3 (Groundball, 4)
Batting: LHB Eric Ward 0-0: Swinging Strike
0-1: Swinging Strike
0-2: Strikes out swinging
Bottom of the 4th over - 0 run(s), 0 hit(s), 0 error(s), 0 left on base; Oakland 0 - New Amsterdam 2
TOP OF THE 5TH
Oakland Oaks batting - Pitching for New Amsterdam Republics : RHP Nathaniel Riley
Batting: LHB Jesús Quintanilla 0-0: Ground out 6-3 (Groundball, 6M)
Batting: RHB Rafael Durango 0-0: Ball
1-0: Called Strike
1-1: Ball
2-1: Called Strike
2-2: SINGLE (Line Drive, 78S)
Batting: LHB Ron Frazier 0-0: Ball
1-0: Foul Ball, location: 2F
1-1: Ball
2-1: Called Strike
2-2: Strikes out looking
Batting: RHB Miguel Fernández 0-0: Ball
1-0: Called Strike
1-1: Ball
2-1: Called Strike
2-2: Strikes out swinging
Top of the 5th over - 0 run(s), 1 hit(s), 0 error(s), 1 left on base; Oakland 0 - New Amsterdam 2
BOTTOM OF THE 5TH
New Amsterdam Republics batting - Pitching for Oakland Oaks : RHP José García
Batting: RHB António Pérez 0-0: Ball
1-0: Called Strike
1-1: Ground out 6-3 (Groundball, 6)
Batting: RHB Cory Hansen 0-0: Swinging Strike
0-1: Ball
1-1: Ground out 6-3 (Groundball, 6)
Batting: RHB Hank Wilder 0-0: Foul Ball, location: 2F
0-1: Foul Ball, location: 2F
0-2: Foul Ball, location: 2F
0-2: Ball
1-2: Strikes out swinging
Bottom of the 5th over - 0 run(s), 0 hit(s), 0 error(s), 0 left on base; Oakland 0 - New Amsterdam 2
TOP OF THE 6TH
Oakland Oaks batting - Pitching for New Amsterdam Republics : RHP Nathaniel Riley
Batting: LHB Todd Williams 0-0: Fly out, F2 (Popup, 2RF)
Batting: SHB Brian Ray 0-0: Ball
1-0: Foul Ball, location: 2F
1-1: DOUBLE (Line Drive, 9LM)
Batting: LHB Mal Wadley 0-0: Ball
1-0: Swinging Strike
1-1: Ball
Wild Pitch!
Brian Ray to third
2-1: Ball
3-1: Called Strike
3-2: Strikes out swinging
Batting: LHB Todd Henry 0-0: Ball
1-0: Ball
2-0: Called Strike
2-1: Called Strike
2-2: Fly out, F5 (Popup, 5SF)
Top of the 6th over - 0 run(s), 1 hit(s), 0 error(s), 1 left on base; Oakland 0 - New Amsterdam 2
BOTTOM OF THE 6TH
New Amsterdam Republics batting - Pitching for Oakland Oaks : RHP José García
Batting: LHB Félix López 0-0: Foul Ball, location: 2F
0-1: Ball
1-1: Ball
2-1: Foul Ball, location: 2F
2-2: Foul Ball, location: 2F
2-2: Fly out, F8 (Flyball, 8RS)
Batting: RHB Júlio Maldonado 0-0: Called Strike
0-1: Foul Ball, location: 2F
0-2: Ball
1-2: Ball
2-2: Foul Ball, location: 2F
2-2: Ball
3-2: Foul Ball, location: 2F
3-2: Strikes out looking
Batting: RHB Luis Muńóz 0-0: Ball
1-0: Ball
2-0: Called Strike
2-1: Ball
3-1: Base on Balls
Batting: RHB Tim Robinson 0-0: Called Strike
0-1: Swinging Strike
0-2: Foul Ball, location: 2F
0-2: Foul Ball, location: 2F
0-2: Foul Ball, location: 2F
0-2: Ball
1-2: Ball
2-2: Ball
3-2: Strikes out swinging
Bottom of the 6th over - 0 run(s), 0 hit(s), 0 error(s), 1 left on base; Oakland 0 - New Amsterdam 2
TOP OF THE 7TH
Oakland Oaks batting - Pitching for New Amsterdam Republics : RHP Nathaniel Riley
Batting: SHB John Allen 0-0: Foul Ball, location: 2F
0-1: Ground out 4-3 (Groundball, 4)
Batting: LHB Jesús Quintanilla 0-0: Ball
1-0: Foul Ball, location: 2F
1-1: SINGLE (Groundball, 4M)
Batting: RHB Rafael Durango 0-0: Ball
1-0: Ball
2-0: Ball
3-0: Called Strike
3-1: Called Strike
3-2: Strikes out looking
Jesús Quintanilla is caught stealing 2nd base
Batter strikes out.
Top of the 7th over - 0 run(s), 1 hit(s), 0 error(s), 0 left on base; Oakland 0 - New Amsterdam 2
BOTTOM OF THE 7TH
New Amsterdam Republics batting - Pitching for Oakland Oaks : RHP José García
Pitching: LHP John Keller
Batting: LHB Steve Ingram 0-0: Called Strike
0-1: Foul Ball, location: 2F
0-2: Ball
1-2: Foul Ball, location: 2F
1-2: Ball
2-2: SINGLE (Groundball, 4MD)
Batting: LHB Eric Ward 0-0: Called Strike
0-1: Fly out, F7 (Flyball, 78D)
Batting: RHB António Pérez 0-0: Ball
Steve Ingram is caught stealing 2nd base
1-0: Ball
2-0: Called Strike
2-1: Ball
3-1: Base on Balls
Batting: RHB Cory Hansen 0-0: Ball
1-0: Called Strike
António Pérez is caught stealing 2nd base
Bottom of the 7th over - 0 run(s), 1 hit(s), 0 error(s), 0 left on base; Oakland 0 - New Amsterdam 2
TOP OF THE 8TH
Oakland Oaks batting - Pitching for New Amsterdam Republics : RHP Nathaniel Riley
Batting: LHB Ron Frazier 0-0: Ball
1-0: Ball
2-0: Ground out 4-3 (Groundball, 4)
Batting: RHB Miguel Fernández 0-0: Ball
1-0: Fly out, F2 (Popup, 2RF)
Batting: LHB Todd Williams 0-0: Foul Ball, location: 2F
0-1: Ball
1-1: Ground out 4-3 (Groundball, 4)
Top of the 8th over - 0 run(s), 0 hit(s), 0 error(s), 0 left on base; Oakland 0 - New Amsterdam 2
BOTTOM OF THE 8TH
New Amsterdam Republics batting - Pitching for Oakland Oaks : LHP John Keller
Batting: RHB Cory Hansen 0-0: Ground out 3-1 (Groundball, 34S)
Batting: RHB Hank Wilder 0-0: Ball
1-0: Ball
2-0: Ball
3-0: Called Strike
3-1: Base on Balls
Batting: LHB Félix López 0-0: Called Strike
0-1: Foul Ball, location: 2F
0-2: Ball
1-2: Strikes out swinging
Batting: RHB Júlio Maldonado 0-0: Swinging Strike
0-1: Called Strike
0-2: Ball
1-2: Strikes out swinging
Bottom of the 8th over - 0 run(s), 0 hit(s), 0 error(s), 1 left on base; Oakland 0 - New Amsterdam 2
TOP OF THE 9TH
Oakland Oaks batting - Pitching for New Amsterdam Republics : RHP Nathaniel Riley
Batting: SHB Brian Ray 0-0: Called Strike
0-1: Swinging Strike
0-2: Ball
1-2: Ball
2-2: Foul Ball, location: 2F
2-2: SINGLE (Groundball, 6MD)
Pitching: RHP Gavin Blackburn
Batting: LHB Mal Wadley 0-0: Called Strike
0-1: Ball
1-1: Foul Ball, location: 2F
1-2: Strikes out swinging
Batting: LHB Todd Henry 0-0: Called Strike
0-1: Ball
1-1: Foul Ball, location: 2F
1-2: Foul Ball, location: 2F
1-2: Ball
2-2: Foul Ball, location: 2F
2-2: Ball
3-2: Foul Ball, location: 2F
3-2: Foul Ball, location: 2F
3-2: SINGLE (Groundball, 5D)
Brian Ray to second
Batting: SHB John Allen 0-0: Ball
1-0: Ball
2-0: Foul Ball, location: 2F
2-1: Ground out 3-1 (Groundball, 34)
Brian Ray to third
Todd Henry to second
Batting: LHB Jesús Quintanilla 0-0: Called Strike
0-1: Called Strike
0-2: SINGLE (Popup, 6MD)
Brian Ray scores
Todd Henry to third
Runner from 3rd tries for Home, SAFE, no throw or cutoff
Pinch Hitting: RHB Gabriel Maldonado 0-0: Called Strike
0-1: Ball
Throwing error on steal attempt, E2
Jesús Quintanilla to third
1-1: Ball
2-1: Ground out 5-3 (Groundball, 5)
Top of the 9th over - 2 run(s), 3 hit(s), 1 error(s), 1 left on base; Oakland 2 - New Amsterdam 2
BOTTOM OF THE 9TH
New Amsterdam Republics batting - Pitching for Oakland Oaks : LHP John Keller
Now at SS: Jim Lee
Batting: RHB Luis Muńóz 0-0: Ball
1-0: Ball
2-0: Called Strike
2-1: Foul Ball, location: 2F
2-2: Fly out, F8 (Flyball, 8LS)
Pinch Hitting: RHB Ed Anderson 0-0: Ball
1-0: Called Strike
1-1: Foul Ball, location: 2F
1-2: Ball
2-2: Fly out, F7 (Flyball, 7LD)
Pinch Hitting: RHB Quincy van Enk 0-0: Ball
1-0: Ball
2-0: Called Strike
2-1: Ball
3-1: Foul Ball, location: 2F
3-2: Fly out, F3 (Line Drive, 3)
Bottom of the 9th over - 0 run(s), 0 hit(s), 0 error(s), 0 left on base; Oakland 2 - New Amsterdam 2
TOP OF THE 10TH
Oakland Oaks batting - Pitching for New Amsterdam Republics : RHP Gavin Blackburn
Now at SS: Ed Anderson
Now in LF: Doug Reed
Batting: LHB Ron Frazier 0-0: Ground out 6-3 (Groundball, 6M)
Batting: RHB Miguel Fernández 0-0: Ball
1-0: Swinging Strike
1-1: Swinging Strike
1-2: Ball
2-2: Strikes out looking
Batting: LHB Todd Williams 0-0: Ground out 6-3 (Groundball, 6M)
Top of the 10th over - 0 run(s), 0 hit(s), 0 error(s), 0 left on base; Oakland 2 - New Amsterdam 2
BOTTOM OF THE 10TH
New Amsterdam Republics batting - Pitching for Oakland Oaks : LHP John Keller
Batting: LHB Eric Ward 0-0: Ball
1-0: Ball
2-0: Foul Ball, location: 2F
2-1: Foul Ball, location: 2F
2-2: Ball
3-2: Foul Ball, location: 2F
3-2: Ground out 4-3 (Groundball, 4)
Pitching: RHP Tony Hernández
Batting: RHB António Pérez 0-0: Ball
1-0: Fly out, F8 (Flyball, 8RD)
Batting: RHB Cory Hansen 0-0: Ball
1-0: Foul Ball, location: 2F
1-1: Ball
2-1: Ball
3-1: Foul Ball, location: 2F
3-2: Base on Balls
Batting: RHB Hank Wilder 0-0: Ball
1-0: Ground out 3-1 (Groundball, 34S)
Bottom of the 10th over - 0 run(s), 0 hit(s), 0 error(s), 1 left on base; Oakland 2 - New Amsterdam 2
TOP OF THE 11TH
Oakland Oaks batting - Pitching for New Amsterdam Republics : RHP Gavin Blackburn
Pitching: RHP Decheng Sun
Batting: SHB Brian Ray 0-0: Called Strike
0-1: Swinging Strike
0-2: Ball
1-2: Strikes out swinging
Batting: LHB Mal Wadley 0-0: Ball
1-0: Called Strike
1-1: Ball
2-1: Foul Ball, location: 2F
2-2: Ground out 4-3 (Groundball, 4)
Batting: LHB Todd Henry 0-0: Called Strike
0-1: Ground out U3 (Groundball, 3)
Top of the 11th over - 0 run(s), 0 hit(s), 0 error(s), 0 left on base; Oakland 2 - New Amsterdam 2
BOTTOM OF THE 11TH
New Amsterdam Republics batting - Pitching for Oakland Oaks : RHP Tony Hernández
Batting: LHB Félix López 0-0: Called Strike
0-1: SINGLE (Groundball, 6MD)
Batting: RHB Júlio Maldonado 0-0: Foul Ball, location: 2F
0-1: Swinging Strike
0-2: Ball
1-2: Ball
2-2: Foul Ball, location: 2F
2-2: Ball
3-2: Base on Balls
Félix López to second
Batting: RHB Luis Muńóz 0-0: Ball
1-0: Foul Ball, location: 2F
1-1: Ball
2-1: Sac Bunt - play at first, batter OUT! 1-3
Félix López to third
Júlio Maldonado to second
Batting: RHB Ed Anderson 0-0: Intentional Walk
Pinch Hitting: RHB Carlos Ortega 0-0: Swinging Strike
0-1: Swinging Strike
0-2: Ball
1-2: Strikes out swinging
Batting: LHB Eric Ward 0-0: GRAND SLAM HOME RUN (Flyball, 8RXD), Distance : 440 ft
This league is powered by Out of the Park Baseball, the baseball management simulation game for PC, Mac and Linux
Friday, July 8th, 2016 - OOTP Baseball 16.9 Build 39